 Dungeon Crawl Stone Soup version 0.25-a0-2-g6559c6c67a (webtiles) character file.

Game seed: 142127134654981645, levelgen mode: deterministic

114 Arixos the Charmwright (level 4, 0/23 HPs)
             Began as a Vine Stalker Skald on Oct 14, 2019.
             Slain by Sigmund
             ... wielding a +2 scythe of slicing
              (3 damage)
             ... on level 3 of the Dungeon.
             The game lasted 00:08:29 (1847 turns).

Arixos the Charmwright (Vine Stalker Skald)         Turns: 1847, Time: 00:08:29

Health: 0/23       AC:  8    Str: 14    XL:     4   Next: 97%
Magic:  0/18       EV: 11    Int: 13    God:
Gold:   150        SH:  0    Dex: 14    Spells: 0/8 levels left

rFire    . . .     SeeInvis .   a - +0 falchion
rCold    . . .     Gourm    .   o - +2 buckler
rNeg     . . .     Faith    .   i - +0 leather armour (curse)
rPois    .         Spirit   +   (no helmet)
rElec    .         Reflect  .   (no cloak)
rCorr    .         Harm     .   u - +0 pair of gloves
MR       .....                  (no boots)
Stlth    +.........             p - amulet of regeneration
HPRegen  0.87/turn              f - ring of magical power
MPRegen  0.16/turn              r - +4 ring of protection

@: confused
A: fangs 2, regeneration 1, magic shield, antimagic bite, no potion heal 3, rot
immunity
a: no special abilities


You were on level 3 of the Dungeon.
You were not hungry.

You visited 1 branch of the dungeon, and saw 3 of its levels.

You collected 150 gold pieces.

Inventory:

Hand Weapons
 a - a +0 falchion (weapon)
Missiles
 m - 16 poisoned darts (quivered)
Armour
 i - a cursed +0 leather armour (worn)
 o - a +2 buckler (worn)
 u - a +0 pair of gloves (worn)
Jewellery
 f - a ring of magical power (left hand)
 p - an amulet of regeneration (around neck)
 r - a +4 ring of protection (right hand)
Wands
 q - a wand of paralysis (2)
Scrolls
 c - a scroll of enchant armour {unknown}
 e - a scroll of fear {unknown}
 h - a scroll of teleportation {unknown}
 j - a scroll of enchant weapon {unknown}
 k - a scroll of amnesia {unknown}
 l - 2 scrolls of identify {unknown}
 n - a scroll of blinking {unknown}
 s - a scroll of immolation {unknown}
Potions
 b - a potion of lignification {unknown}
 g - 2 potions of curing {unknown}
 t - a potion of brilliance {unknown}
Comestibles
 d - 5 rations


   Skills:
 + Level 2.3 Fighting
 + Level 2.4 Long Blades
 - Level 0.7 Armour
 + Level 2.0 Dodging
 * Level 0.1 Shields
 + Level 2.9 Spellcasting
 + Level 3.4 Charms
 + Level 1.0 Necromancy
 + Level 1.2 Translocations


You couldn't memorise any spells.
You knew the following spells:

 Your Spells              Type           Power        Failure   Level  Hunger
a - Song of Slaying       Chrm           ##......     17%         2    ###....
b - Infusion              Chrm           ##..         12%         1    #......
r - Regeneration          Chrm/Necr      #.........   50%         3    ###....
s - Shroud of Golubria    Chrm/Tloc      #.....       28%         2    ###....

Your spell library contained the following spells:

 Spells                   Type           Power        Failure   Level  Hunger
 Spectral Weapon          Hex/Chrm       #.......     56%         3    ###....


Dungeon Overview and Level Annotations

Branches:
Dungeon (3/15)

Altars:
Trog

Annotations:
D:3 Sigmund


Innate Abilities, Weirdness & Mutations

You have extremely sharp teeth.
Your natural rate of healing is unusually fast.
When hurt, damage is shared between your health and your magic reserves.
Your bite disrupts and absorbs the magic of your enemies.
Potions cannot restore your health.
You are immune to rotting.


Message History

Your magical contamination has completely faded away.
You hit something. Something hits you but does no damage.
You closely miss something. Your bite misses something.
Your shroud begins to fray at the edges.
You barely miss something.
Your skin is crawling a little less now.
Something hits you but does no damage.
You miss something. You hit something but do no damage.
You closely miss something. You bite something. You drain its magic.
You feel invigorated.
You hear some strange, mumbled words.
You are confused.
Something hits you!
Your shroud falls apart!
You're too confused to cast spells.
Your skin stops crawling.
You're too confused to move!
Something hits you!
* * * LOW HITPOINT WARNING * * *
You die...

.....#
#........#.........
.....#
#........#.#.####.#
.....#
#......)...#..#
######
#.......#####b#
###....###.....
#....'...# ..#
#....##### ..#
#...{# ##+#@# #...#
#####


There were no monsters in sight!

Vanquished Creatures
  3 adders
  An ooze (D:1)
  2 worms
  5 dart slugs
  A leopard gecko (D:2)
  An orc (D:2)
  5 bats
  4 giant cockroaches
  7 goblins
  10 hobgoblins
  2 jackals (D:1)
  6 kobolds
  A quokka (D:2)
  A ball python (D:1)
  11 frilled lizards
  5 rats
65 creatures vanquished.

Notes
Turn   | Place    | Note
-------+----------+-------------------------------------------
     0 | D:1      | Arixos the Vine Stalker Skald began the quest for the Orb.
     0 | D:1      | Reached XP level 1. HP: 11/11 MP: 4/4
    39 | D:1      | Reached XP level 2. HP: 15/15 MP: 6/6
    46 | D:1      | Learned a level 2 spell: Shroud of Golubria
   230 | D:1      | Reached XP level 3. HP: 13/18 MP: 7/7
   235 | D:1      | Learned a level 3 spell: Regeneration
  1072 | D:2      | Gained mutation: Your natural rate of healing is unusually
                  | fast. [Vine Stalker growth]
  1072 | D:2      | Reached XP level 4. HP: 18/23 MP: 9/9
  1088 | D:2      | Learned a level 2 spell: Song of Slaying
  1111 | D:2      | Reached skill level 1 in Translocations
  1611 | D:3      | Found a bloodstained altar of Trog.
  1648 | D:3      | Reached skill level 1 in Necromancy
  1818 | D:3      | Noticed Sigmund
  1847 | D:3      | Slain by Sigmund

Levels and vault maps discovered:
D:1:      dpeg_arrival_morbid_curiosity, layout_basic
D:2:      layout_rooms, first_ration
D:3:      layout_basic, lemuel_crystal_altar, gammafunk_ghost_nasty_kobolds,
          uniq_sigmund

Skill      XL: |  1  2  3  4 |
---------------+-------------+-----
Fighting       | 2 |  2.3
Long Blades    | 2 |  2.4
Translocations | 1 |  1.2
Dodging        | 2 |  2.0
Necromancy     | 1 |  1.0
Armour         | |  0.7
Shields        | |  0.1
Spellcasting   | |  2.9
Charms         | |  3.4

Action                   |  1- 3 |  4- 6 || total
-------------------------+-------+-------++-------
Melee: Falchion          |    96 |   113 ||   209
       Bite              |    22 |    34 ||    56
 Cast: Shroud of Golubri |     6 |    10 ||    16
       Regeneration      |       |     2 ||     2
 Stab: Sleeping          |     1 |       ||     1
  Eat: Chunk             |     1 |     4 ||     5
Armor: Leather armour    |    28 |    22 ||    50
Dodge: Dodged            |    87 |    71 ||   158
Block: Buckler           |       |     3 ||     3
       Rpst.: Falchion   |    29 |    20 ||    49

Table legend:
 A = Non-vault XP
 B = Vault XP
 C = Vault XP percentage of total XP
 D = Non-vault monster count
 E = Vault monster count
 F = Vault count percentage of total count
                 A         B        C        D         E       F
            +---------+---------+-------+---------+---------+-------
      Total |     154 |       9 |   5.5 |      60 |       5 |   7.7
            +---------+---------+-------+---------+---------+-------
        D:1 |      60 |       9 |  13.0 |      29 |       5 |  14.7
        D:2 |      74 |       0 |   0.0 |      28 |       0 |   0.0
        D:3 |      20 |       0 |   0.0 |       3 |       0 |   0.0
            +---------+---------+-------+---------+---------+-------
